2911 views
Uploaded 2020-02-09 23:10:08
Game version 1.32 / 1.32.1
7:50 long 2on2 ladder game on (4)LostTemple_LV
Saved by Grim
2911 views
Uploaded 2020-02-09 23:10:08
Game version 1.32 / 1.32.1
7:50 long 2on2 ladder game on (4)LostTemple_LV


35 units @ 4.4k
/ 0.2k
16 buildings @ 2.7k
/ 0.7k

| Rod of Necromancy | 1 | 150 |
| total: | 1 | 150g |
| Acolyte | 2 | 150 | / | 0 |
| Ghoul | 18 | 2160 | / | 0 |
| total: | 20 | 2310g | / | 0w |
| Crypt | 2 | 400 | / | 100 |
| Ziggurat | 3 | 450 | / | 150 |
| Altar of Darkness | 1 | 180 | / | 50 |
| Tomb of Relics | 1 | 130 | / | 30 |
| Graveyard | 1 | 215 | / | 0 |
| Halls of the Dead | 1 | 320 | / | 210 |
| total: | 8 | 1375g | / | 330w |
| 0:11 | Acolyte |
| 0:11 | Acolyte |
| 0:15 | Crypt |
| 0:17 | Ziggurat |
| 0:38 | Altar of Darkness |
| 1:01 | Tomb of Relics |
| 1:17 | Ghoul |
| 1:19 | Ghoul |
| 1:50 | Ghoul |
| 2:14 | Ghoul |
| 2:18 | Ziggurat |
| 2:47 | Crypt |
| 3:05 | Rod of Necromancy |
| 3:09 | Ghoul |
| 3:22 | Impale |
| 3:32 | Ghoul |
| 3:36 | Ziggurat |
| 3:47 | Ghoul |
| 3:53 | Ghoul |
| 3:57 | Ghoul |
| 4:51 | Ghoul |
| 4:53 | Ghoul |
| 4:54 | Ghoul |
| 4:55 | Ghoul |
| 5:43 | Carrion Beetles |
| 5:56 | Ghoul |
| 6:01 | Graveyard |
| 6:15 | Halls of the Dead |
| 6:17 | Ghoul |
| 6:33 | Ghoul |
| 6:36 | Ghoul |
| 6:51 | Ghoul |
| Right click | 162 |
| Select | 83 |
| Build/train/purchase | 35 |
| Misc. action | 5 |
| Use ability | 3 |

| Rod of Necromancy | 1 | 150 |
| total: | 1 | 150g |
| Acolyte | 2 | 150 | / | 0 |
| Ghoul | 9 | 1080 | / | 0 |
| Crypt Fiend | 4 | 860 | / | 160 |
| total: | 15 | 2090g | / | 160w |
| Nerubian Tower | 1 | 100 | / | 20 |
| Ziggurat | 4 | 600 | / | 200 |
| Altar of Darkness | 1 | 180 | / | 50 |
| Crypt | 1 | 200 | / | 50 |
| Tomb of Relics | 1 | 130 | / | 30 |
| Graveyard | 1 | 215 | / | 0 |
| Halls of the Dead | 1 | 320 | / | 210 |
| total: | 8 | 1325g | / | 330w |
| 0:06 | Ziggurat |
| 0:08 | Altar of Darkness |
| 0:12 | Crypt |
| 0:23 | Acolyte |
| 0:37 | Acolyte |
| 0:54 | Tomb of Relics |
| 1:10 | Ziggurat |
| 1:21 | Ghoul |
| 1:39 | Ghoul |
| 1:46 | Ghoul |
| 2:03 | Ziggurat |
| 2:11 | Death Coil |
| 2:16 | Rod of Necromancy |
| 2:39 | Graveyard |
| 2:56 | Ghoul |
| 3:07 | Ghoul |
| 3:33 | Ghoul |
| 4:19 | Crypt Fiend |
| 4:22 | Halls of the Dead |
| 4:24 | Creature Attack |
| 4:58 | Crypt Fiend |
| 5:24 | Crypt Fiend |
| 5:52 | Unholy Aura |
| 6:01 | Crypt Fiend |
| 6:34 | Ghoul |
| 6:41 | Ziggurat |
| 6:55 | Ghoul |
| 7:07 | Nerubian Tower |
| 7:36 | Ghoul |
| Right click | 405 |
| Select | 133 |
| Select group | 77 |
| Build/train/purchase | 25 |
| Use ability | 6 |
| Minimap ping | 4 |
| Assign group | 1 |
29 units @ 4.4k
/ 0.3k
15 buildings @ 2.5k
/ 0.6k

| Rod of Necromancy | 3 | 450 |
| total: | 3 | 450g |
| Acolyte | 2 | 150 | / | 0 |
| Ghoul | 5 | 600 | / | 0 |
| Crypt Fiend | 7 | 1505 | / | 280 |
| total: | 14 | 2255g | / | 280w |
| Spirit Tower | 1 | 145 | / | 40 |
| Crypt | 1 | 200 | / | 50 |
| Altar of Darkness | 1 | 180 | / | 50 |
| Ziggurat | 3 | 450 | / | 150 |
| Graveyard | 1 | 215 | / | 0 |
| Tomb of Relics | 1 | 130 | / | 30 |
| Halls of the Dead | 1 | 320 | / | 210 |
| total: | 7 | 1175g | / | 280w |
| 0:03 | Acolyte |
| 0:07 | Crypt |
| 0:09 | Altar of Darkness |
| 0:11 | Acolyte |
| 0:32 | Ziggurat |
| 0:56 | Graveyard |
| 1:10 | Tomb of Relics |
| 1:20 | Ghoul |
| 1:39 | Ghoul |
| 2:15 | Ziggurat |
| 2:17 | Crypt Fiend |
| 2:23 | Death Coil |
| 2:34 | Crypt Fiend |
| 2:39 | Rod of Necromancy |
| 2:47 | Crypt Fiend |
| 3:17 | Halls of the Dead |
| 3:43 | Crypt Fiend |
| 4:13 | Crypt Fiend |
| 4:17 | Ziggurat |
| 4:24 | Unholy Aura |
| 4:52 | Rod of Necromancy |
| 4:59 | Spirit Tower |
| 5:23 | Crypt Fiend |
| 5:37 | Unholy Aura |
| 5:48 | Crypt Fiend |
| 6:14 | Ghoul |
| 6:14 | Ghoul |
| 6:36 | Ghoul |
| 6:57 | Rod of Necromancy |
| Right click | 649 |
| Assign group | 279 |
| Select group | 170 |
| Select | 166 |
| Build/train/purchase | 36 |
| Use ability | 11 |
| Minimap ping | 2 |
| Remove unit | 1 |

| Healing Salve | 1 | 100 |
| total: | 1 | 100g |
| Peon | 7 | 525 | / | 0 |
| Grunt | 8 | 1600 | / | 0 |
| total: | 15 | 2125g | / | 0w |
| Altar of Storms | 1 | 180 | / | 50 |
| Orc Burrow | 4 | 640 | / | 160 |
| Barracks | 1 | 180 | / | 50 |
| Voodoo Lounge | 1 | 130 | / | 30 |
| War Mill | 1 | 205 | / | 0 |
| Stronghold | 1 | 315 | / | 190 |
| total: | 8 | 1335g | / | 290w |
| 0:02 | Peon |
| 0:02 | Peon |
| 0:06 | Altar of Storms |
| 0:18 | Orc Burrow |
| 0:33 | Barracks |
| 0:34 | Peon |
| 0:42 | Peon |
| 0:59 | Peon |
| 1:15 | Peon |
| 1:25 | Orc Burrow |
| 1:45 | Grunt |
| 1:57 | Peon |
| 2:12 | Grunt |
| 2:26 | Voodoo Lounge |
| 2:37 | Wind Walk |
| 2:45 | Grunt |
| 3:00 | Orc Burrow |
| 3:23 | Grunt |
| 3:44 | War Mill |
| 4:26 | Stronghold |
| 4:46 | Grunt |
| 5:47 | Critical Strike |
| 5:57 | Grunt |
| 6:17 | Grunt |
| 6:40 | Orc Burrow |
| 6:45 | Healing Salve |
| 6:58 | Berserker Strength |
| 7:07 | Steel Melee Weapons |
| 7:32 | Grunt |
| Right click | 353 |
| Select | 120 |
| Build/train/purchase | 29 |
| Select group | 26 |
| Assign group | 8 |
| Use ability | 2 |